BR (22 & UNDER)
GILBERT FIRE FIGHTERS @ PLYMOUTH COCKS
07/26/2029
 
TOP OF THE 1ST
Gilbert Fire Fighters batting - Pitching for Plymouth Cocks : RHP Carl Jones
Pitching: RHP Carl Jones
Batting: RHB Raúl Ottoboni 0-0: Ball
1-0: Ball
2-0: Foul Ball, location: 2F
2-1: Ball
3-1: Base on Balls
Batting: RHB George Medine 0-0: Called Strike
0-1: Ball
1-1: Ball
2-1: Ball
3-1: Foul Ball, location: 2F
3-2: Foul Ball, location: 2F
3-2: Base on Balls
Raúl Ottoboni to second
Batting: RHB Zachary Gadsden 0-0: Ball
1-0: Called Strike
Raúl Ottoboni is caught stealing 3rd base
1-1: Ball
2-1: Ball
3-1: Called Strike
3-2: Strikes out looking
Batting: RHB Travis Mchugh 0-0: Called Strike
0-1: Foul Ball, location: 2F
0-2: Foul Ball, location: 2F
0-2: Ball
1-2: Strikes out looking
Top of the 1st over - 0 runs, 0 hits, 0 errors, 1 left on base; Gilbert 0 - Plymouth 0
BOTTOM OF THE 1ST
Plymouth Cocks batting - Pitching for Gilbert Fire Fighters : RHP Miguel Ramos
Pitching: RHP Miguel Ramos
Batting: SHB José Chávez 0-0: Swinging Strike
0-1: Ball
1-1: Called Strike
1-2: Ground out 6-3 (Groundball, 6)
Batting: RHB Nicolas Fillion 0-0: Ball
1-0: Called Strike
1-1: Called Strike
1-2: Strikes out swinging
Batting: LHB T.J. Richardson 0-0: Ball
1-0: Foul Ball, location: 2F
1-1: Swinging Strike
1-2: Ground out 4-3 (Groundball, 34)
Bottom of the 1st over - 0 runs, 0 hits, 0 errors, 0 left on base; Gilbert 0 - Plymouth 0
TOP OF THE 2ND
Gilbert Fire Fighters batting - Pitching for Plymouth Cocks : RHP Carl Jones
Batting: RHB Carlos Canales 0-0: Ball
1-0: Called Strike
1-1: Called Strike
1-2: Ground out U3 (Groundball, 34S)
Batting: LHB Joe Kent 0-0: Bunted foul
0-1: Ball
1-1: Foul Ball, location: 2F
1-2: Strikes out swinging
Batting: SHB Germán Roseima 0-0: Called Strike
0-1: Ball
1-1: Called Strike
1-2: Ball
2-2: Ball
3-2: Strikes out swinging
Top of the 2nd over - 0 runs, 0 hits, 0 errors, 0 left on base; Gilbert 0 - Plymouth 0
BOTTOM OF THE 2ND
Plymouth Cocks batting - Pitching for Gilbert Fire Fighters : RHP Miguel Ramos
Batting: RHB Dwayne Roldán 0-0: SINGLE (Line Drive, 56D)
Batting: RHB Jeffrey Barker 0-0: Called Strike
0-1: DOUBLE (Line Drive, 7LM)
Dwayne Roldán to third
Runner from 3rd tries for Home, SAFE, no throw
Batting: RHB Marcos Pérez 0-0: Swinging Strike
0-1: Called Strike
0-2: Ball
1-2: SINGLE (Groundball, 6MD)
Jeffrey Barker to third
Runner from 3rd tries for Home, SAFE, no throw
Batting: LHB Vito Ramírez 0-0: Ball
1-0: Fly out, F8 (Flyball, 89S)
Batting: LHB Arturo Nieves 0-0: Called Strike
0-1: Called Strike
0-2: Strikes out looking
Batting: RHB Augusto Vázquez 0-0: Ball
1-0: Called Strike
1-1: SINGLE (Line Drive, 6D)
Marcos Pérez to second
Batting: SHB José Chávez 0-0: Foul Ball, location: 2F
0-1: Ball
1-1: Ball
2-1: Called Strike
2-2: Foul Ball, location: 2F
2-2: Ball
3-2: Strikes out swinging
Bottom of the 2nd over - 2 runs, 4 hits, 0 errors, 2 left on base; Gilbert 0 - Plymouth 2
TOP OF THE 3RD
Gilbert Fire Fighters batting - Pitching for Plymouth Cocks : RHP Carl Jones
Batting: LHB Bill Handy 0-0: Ball
1-0: Ball
2-0: Foul Ball, location: 2F
2-1: Fly out, F9 (Flyball, 9LSF)
Batting: RHB Edgardo Castro 0-0: Foul Ball, location: 2F
0-1: Ball
1-1: Ball
2-1: Ball
3-1: DOUBLE (Line Drive, 9LM)
Batting: RHB Raúl Ottoboni 0-0: Called Strike
0-1: Swinging Strike
0-2: Ball
1-2: Strikes out looking
Batting: RHB George Medine 0-0: Swinging Strike
0-1: Swinging Strike
0-2: Strikes out swinging
Top of the 3rd over - 0 runs, 1 hit, 0 errors, 1 left on base; Gilbert 0 - Plymouth 2
BOTTOM OF THE 3RD
Plymouth Cocks batting - Pitching for Gilbert Fire Fighters : RHP Miguel Ramos
Batting: RHB Nicolas Fillion 0-0: Ball
1-0: Fly out, F8 (Flyball, 89M)
Batting: LHB T.J. Richardson 0-0: Ball
1-0: Foul Ball, location: 2F
1-1: Ball
2-1: TRIPLE (Flyball, 89XD)
Batting: RHB Dwayne Roldán 0-0: Ball
1-0: Fly out, F7 (Line Drive, 7D)
Runner from 3rd tags up, SCORES, no throw
Batting: RHB Jeffrey Barker 0-0: Ball
1-0: Ball
2-0: Foul Ball, location: 2F
2-1: Ball
3-1: Foul Ball, location: 2F
3-2: Foul Ball, location: 2F
3-2: DOUBLE (Flyball, 89XD) - OUT at third base trying to stretch hit.
Bottom of the 3rd over - 1 run, 2 hits, 0 errors, 0 left on base; Gilbert 0 - Plymouth 3
TOP OF THE 4TH
Gilbert Fire Fighters batting - Pitching for Plymouth Cocks : RHP Carl Jones
Batting: RHB Zachary Gadsden 0-0: Ball
1-0: Swinging Strike
1-1: Swinging Strike
1-2: Ball
2-2: Strikes out looking
Batting: RHB Travis Mchugh 0-0: Ball
1-0: Swinging Strike
1-1: Ground out 5-3 (Groundball, 56S)
Batting: RHB Carlos Canales 0-0: Ball
1-0: Ball
2-0: Fly out, F4 (Popup, 4M)
Top of the 4th over - 0 runs, 0 hits, 0 errors, 0 left on base; Gilbert 0 - Plymouth 3
BOTTOM OF THE 4TH
Plymouth Cocks batting - Pitching for Gilbert Fire Fighters : RHP Miguel Ramos
Batting: RHB Marcos Pérez 0-0: Ball
1-0: Foul Ball, location: 2F
1-1: Foul Ball, location: 2F
1-2: Foul Ball, location: 2F
1-2: Foul Ball, location: 2F
1-2: Ball
2-2: Ground out 5-3 (Groundball, 56S)
Batting: LHB Vito Ramírez 0-0: Ball
1-0: Ball
2-0: Foul Ball, location: 2F
2-1: Ball
3-1: Called Strike
3-2: Fly out, F7 (Flyball, 7D)
Batting: LHB Arturo Nieves 0-0: Called Strike
0-1: Fly out, F8 (Line Drive, 8RS)
Bottom of the 4th over - 0 runs, 0 hits, 0 errors, 0 left on base; Gilbert 0 - Plymouth 3
TOP OF THE 5TH
Gilbert Fire Fighters batting - Pitching for Plymouth Cocks : RHP Carl Jones
Batting: LHB Joe Kent 0-0: Swinging Strike
0-1: Ball
1-1: Called Strike
1-2: Ground out 4-3 (Groundball, 4)
Batting: SHB Germán Roseima 0-0: Ball
1-0: Called Strike
1-1: Foul Ball, location: 2F
1-2: SOLO HOME RUN (Flyball, 9LD), Distance : 365 ft
Batting: LHB Bill Handy 0-0: Ball
1-0: Ball
2-0: Called Strike
2-1: Ball
3-1: Base on Balls
Batting: RHB Edgardo Castro 0-0: Ball
1-0: Called Strike
1-1: Called Strike
Bill Handy is caught stealing 2nd base
1-2: Foul Ball, location: 2F
1-2: Foul Ball, location: 2F
1-2: Strikes out swinging
Top of the 5th over - 1 run, 1 hit, 0 errors, 0 left on base; Gilbert 1 - Plymouth 3
BOTTOM OF THE 5TH
Plymouth Cocks batting - Pitching for Gilbert Fire Fighters : RHP Miguel Ramos
Batting: RHB Augusto Vázquez 0-0: Ball
1-0: Called Strike
1-1: Foul Ball, location: 2F
1-2: Fly out, F4 (Popup, 4MS)
Batting: SHB José Chávez 0-0: Foul Ball, location: 2F
0-1: Ball
1-1: Called Strike
1-2: Ball
2-2: Ball
3-2: Foul Ball, location: 2F
3-2: Foul Ball, location: 2F
3-2: Base on Balls
Batting: RHB Nicolas Fillion 0-0: SINGLE (Line Drive, 56D)
José Chávez to second
Batting: LHB T.J. Richardson 0-0: Swinging Strike
0-1: Ball
1-1: Fly out, F9 (Line Drive, 9)
Batting: RHB Dwayne Roldán 0-0: Called Strike
José Chávez is caught stealing 3rd base
Bottom of the 5th over - 0 runs, 1 hit, 0 errors, 1 left on base; Gilbert 1 - Plymouth 3
TOP OF THE 6TH
Gilbert Fire Fighters batting - Pitching for Plymouth Cocks : RHP Carl Jones
Batting: RHB Raúl Ottoboni 0-0: Ball
1-0: Ball
2-0: Fly out, F9 (Flyball, 9S)
Batting: RHB George Medine 0-0: Ball
1-0: Swinging Strike
1-1: Ball
2-1: Ball
3-1: Ground out 6-3 (Groundball, 6M)
Batting: RHB Zachary Gadsden 0-0: Ball
1-0: Called Strike
1-1: Called Strike
1-2: Fly out, F9 (Flyball, 9S)
Top of the 6th over - 0 runs, 0 hits, 0 errors, 0 left on base; Gilbert 1 - Plymouth 3
BOTTOM OF THE 6TH
Plymouth Cocks batting - Pitching for Gilbert Fire Fighters : RHP Miguel Ramos
Batting: RHB Dwayne Roldán 0-0: Called Strike
0-1: Foul Ball, location: 2F
0-2: SINGLE (Flyball, 7S)
Batting: RHB Jeffrey Barker 0-0: Ball
1-0: Fly out, F7 (Flyball, 7S)
Batting: RHB Marcos Pérez 0-0: Grounds into double play, 4-6-3 (Groundball, 4M)
Bottom of the 6th over - 0 runs, 1 hit, 0 errors, 0 left on base; Gilbert 1 - Plymouth 3
TOP OF THE 7TH
Gilbert Fire Fighters batting - Pitching for Plymouth Cocks : RHP Carl Jones
Pitching: RHP António Sánchez
Batting: RHB Travis Mchugh 0-0: Foul Ball, location: 2F
0-1: SINGLE (Line Drive, 5D)
Batting: RHB Carlos Canales 0-0: Ball
1-0: Foul Ball, location: 2F
1-1: Foul Ball, location: 2F
1-2: 2-RUN HOME RUN (Flyball, 7D), Distance : 399 ft
Batting: LHB Joe Kent 0-0: Ball
1-0: Called Strike
1-1: Ball
2-1: Foul Ball, location: 2F
2-2: Ball
3-2: Base on Balls
Pinch Hitting: LHB Kyle Robbins 0-0: Ball
1-0: Sac Bunt - play at first, batter OUT! 3-4
Joe Kent to second
Batting: LHB Bill Handy 0-0: Foul Ball, location: 2F
0-1: Foul Ball, location: 2F
0-2: Ball
1-2: Ball
2-2: Reaches on Catchers interference
Batting: RHB Edgardo Castro 0-0: Ball
Joe Kent steals 3rd base
Bill Handy to second
1-0: Intentional Walk
Pinch Hitting: LHB Mark Sanders 0-0: Ball
1-0: Called Strike
1-1: Ball
2-1: Foul Ball, location: 2F
2-2: Ball
3-2: Base on Balls
Joe Kent scores
Bill Handy to third
Edgardo Castro to second
Batting: RHB George Medine 0-0: Swinging Strike
0-1: Foul Ball, location: 2F
0-2: Foul Ball, location: 2F
0-2: Ball
1-2: Grounds into fielders choice 6-2 (Groundball, 6)
Edgardo Castro to third
Mark Sanders to second
Batting: RHB Zachary Gadsden 0-0: Foul Ball, location: 2F
0-1: Swinging Strike
0-2: Ball
1-2: Ball
2-2: Foul Ball, location: 2F
2-2: Foul Ball, location: 2F
2-2: DOUBLE (Line Drive, 9LM)
Edgardo Castro scores
Mark Sanders scores
George Medine to third
Runner from 3rd tries for Home, SAFE, no throw
Pitching: RHP Ethan Adams
Batting: RHB Travis Mchugh 0-0: Called Strike
0-1: Fly out, F4 (Line Drive, 4)
Top of the 7th over - 6 runs, 3 hits, 1 error, 1 left on base; Gilbert 7 - Plymouth 3
BOTTOM OF THE 7TH
Plymouth Cocks batting - Pitching for Gilbert Fire Fighters : RHP Miguel Ramos
Now at 2B: Juan González
Now in RF: Mark Sanders
Batting: LHB Vito Ramírez 0-0: Ball
1-0: Called Strike
1-1: Swinging Strike
1-2: Foul Ball, location: 2F
1-2: Ball
2-2: Strikes out swinging
Batting: LHB Arturo Nieves 0-0: Ball
1-0: Fly out, F9 (Flyball, 9S)
Batting: RHB Augusto Vázquez 0-0: Called Strike
0-1: Ball
1-1: Swinging Strike
1-2: Strikes out swinging
Bottom of the 7th over - 0 runs, 0 hits, 0 errors, 0 left on base; Gilbert 7 - Plymouth 3
TOP OF THE 8TH
Gilbert Fire Fighters batting - Pitching for Plymouth Cocks : RHP Ethan Adams
Batting: RHB Carlos Canales 0-0: Called Strike
0-1: Called Strike
0-2: Foul Ball, location: 2F
0-2: Foul Ball, location: 2F
0-2: Ball
1-2: Strikes out swinging
Batting: LHB Joe Kent 0-0: Fly out, F8 (Flyball, 8RM)
Batting: RHB Juan González 0-0: Called Strike
0-1: Foul Ball, location: 2F
0-2: Ball
1-2: Ball
2-2: Ball
3-2: Strikes out swinging
Top of the 8th over - 0 runs, 0 hits, 0 errors, 0 left on base; Gilbert 7 - Plymouth 3
BOTTOM OF THE 8TH
Plymouth Cocks batting - Pitching for Gilbert Fire Fighters : RHP Miguel Ramos
Batting: SHB José Chávez 0-0: Ground out 4-3 (Groundball, 4)
Batting: RHB Nicolas Fillion 0-0: Ball
1-0: Ground out 6-3 (Groundball, 6S)
Batting: LHB T.J. Richardson 0-0: Called Strike
0-1: Foul Ball, location: 2F
0-2: TRIPLE (Flyball, 8RXD)
Batting: RHB Dwayne Roldán 0-0: Called Strike
0-1: Called Strike
0-2: Ground out 3-1 (Groundball, 34)
Bottom of the 8th over - 0 runs, 1 hit, 0 errors, 1 left on base; Gilbert 7 - Plymouth 3
TOP OF THE 9TH
Gilbert Fire Fighters batting - Pitching for Plymouth Cocks : RHP Ethan Adams
Batting: LHB Bill Handy 0-0: Foul Ball, location: 2F
0-1: Foul Ball, location: 2F
0-2: Foul Ball, location: 2F
0-2: Ball
1-2: Fly out, F2 (Popup, 23F)
Batting: RHB Edgardo Castro 0-0: Ball
1-0: Foul Ball, location: 2F
1-1: Ball
2-1: Ball
3-1: Base on Balls
Batting: LHB Mark Sanders 0-0: Foul Ball, location: 2F
0-1: Called Strike
0-2: Ball
1-2: Fly out, F8 (Flyball, 8LD)
Batting: RHB George Medine 0-0: Ball
1-0: Called Strike
1-1: Ball
2-1: Foul Ball, location: 2F
2-2: Foul Ball, location: 2F
2-2: Ball
3-2: Reached on error, E1 (Groundball, 15S)
Edgardo Castro to second
Batting: RHB Zachary Gadsden 0-0: Ball
1-0: 3-RUN HOME RUN (Flyball, 7LD), Distance : 347 ft
Batting: RHB Travis Mchugh 0-0: Ball
1-0: Called Strike
1-1: Called Strike
1-2: Strikes out swinging
Top of the 9th over - 3 runs, 1 hit, 1 error, 0 left on base; Gilbert 10 - Plymouth 3
BOTTOM OF THE 9TH
Plymouth Cocks batting - Pitching for Gilbert Fire Fighters : RHP Miguel Ramos
Batting: RHB Jeffrey Barker 0-0: Called Strike
0-1: Ball
1-1: Called Strike
1-2: Ball
2-2: Ball
3-2: Foul Ball, location: 2F
3-2: Foul Ball, location: 2F
3-2: Fly out, F9 (Line Drive, 9)
Batting: RHB Marcos Pérez 0-0: DOUBLE (Flyball, 89XD)
Batting: LHB Vito Ramírez 0-0: Called Strike
0-1: Fly out, F6 (Popup, 6)
Pitching: RHP Jorge Álvarez
Batting: LHB Arturo Nieves 0-0: Ball
1-0: Ball
2-0: Ball
3-0: Called Strike
3-1: Base on Balls
Batting: RHB Augusto Vázquez 0-0: Called Strike
0-1: Called Strike
0-2: Ball
1-2: Strikes out swinging
Bottom of the 9th over - 0 runs, 1 hit, 0 errors, 2 left on base; Gilbert 10 - Plymouth 3
Saturday, December 16th, 2017 - OOTP Baseball 18.8 Build 76